 Dungeon Crawl Stone Soup version 0.28.0-53-g5a82cb258f (webtiles) character file.

Game seed: 4959031891399211407

2896 Zeld the Thaumaturge (level 9, -1/48 HPs)
             Began as a Gargoyle Conjurer on June 2, 2022.
             Was an Initiate of Gozag.
             Slain by an orc warrior
             ... wielding a +0 war axe
              (5 damage)
             ... in a bailey.
             The game lasted 00:16:23 (13380 turns).

Zeld the Thaumaturge (Gargoyle Conjurer)           Turns: 13380, Time: 00:16:24

Health: -1/48      AC: 11    Str: 11    XL:     9   Next: 77%
Magic:  0/22       EV: 12    Int: 23    God:    Gozag
Gold:   656        SH:  0    Dex:  8    Spells: 12/26 levels left

rFire   . . .      SeeInvis .   (no weapon)
rCold   . . .      Faith    .   (no shield)
rNeg    + . .      Spirit   .   a - +0 robe
rPois   ∞          Reflect  .   m - +0 helmet
rElec   +          Harm     .   d - +0 cloak
rCorr   +          Rampage  .   B - +0 pair of gloves
Will    .....                   (no boots)
Stlth   ++........              (no amulet)
HPRegen 0.16/turn               r - ring of resist corrosion
MPRegen 0.18/turn               (no ring)

@: very slightly contaminated
A: sickness immunity, AC +6, negative energy resistance 1, electricity
resistance, torment resistance 1, petrification resistance
a: Renounce Religion, Potion Petition, Call Merchant, Bribe Branch


You were in a bailey.
You worshipped Gozag.
Gozag was pleased with you.
You visited 2 branches of the dungeon, and saw 9 of its levels.
You also visited: Bailey.

You collected 747 gold pieces.
You paid 91 gold pieces to Gozag.

Inventory:

Missiles
 o - 38 bolts
 E - 90 arrows
Armour
 a - a +0 robe (worn)
 d - a +0 cloak (worn)
 m - a +0 helmet (worn)
 B - a +0 pair of gloves (worn)
Jewellery
 r - a ring of resist corrosion (left hand)
Wands
 q - a wand of polymorph (11)
 C - a wand of flame (6)
Scrolls
 c - a scroll of amnesia {unknown}
 e - a scroll of summoning {unknown}
 h - 2 scrolls of fog {unknown}
 i - a scroll of magic mapping {unknown}
 j - 2 scrolls of enchant armour {unknown}
 k - 2 scrolls of vulnerability {unknown}
 l - 4 scrolls of teleportation {unknown}
 n - 7 scrolls of identify {unknown}
 u - 2 scrolls of noise {unknown}
 v - a scroll of silence {unknown}
 x - a scroll of blinking {unknown}
 y - a scroll of fear {unknown}
Potions
 b - 4 potions of heal wounds {unknown}
 f - a potion of curing {unknown}
 g - 2 potions of mutation {unknown}
 p - 3 potions of magic {unknown}
 s - a potion of haste
 t - a potion of might {unknown}
 z - a potion of flight {unknown}
 A - a potion of cancellation {unknown}
 D - a potion of lignification {unknown}


   Skills:
 + Level 1.6 Fighting
 - Level 4.0 Dodging
 - Level 4.0 Stealth
 * Level 9.0 Spellcasting
 - Level 8.0 Conjurations
 - Level 2.0 Hexes
 - Level 2.0 Translocations
 + Level 1.3 Evocations


You had 12 spell levels left.
You knew the following spells:

 Your Spells              Type           Power      Damage    Failure   Level
a - Magic Dart            Conj           100%       1d8       1%          1
b - Searing Ray           Conj           94%        2d7       1%          2
c - Fulminant Prism       Conj/Hex       16%        3d11      8%          4
d - Iskenderun's Mystic   Conj/Tloc      33%        2d8       8%          4
l - Tukima's Dance        Hex            19%        N/A       9%          3

Your spell library contained the following spells:

 Spells                   Type           Power      Damage    Failure   Level
 Dazzling Flash           Conj/Hex       66%        N/A       2%          3
 Passage of Golubria      Tloc           19%        N/A       26%         4
 Yara's Violent Unravell  Hex/Tmut       7%         3d5       75%         5


Dungeon Overview and Level Annotations

Branches:
Dungeon (8/15)             Temple (1/1) D:5          Bailey (1/1)
   Lair: D:8-11

Altars:
Ashenzari
Cheibriados
Dithmenos
Elyvilon
Fedhas
Gozag
Hepliaklqana
Kikubaaqudgha
Makhleb
Nemelex Xobeh
Okawaru
Qazlal
Ru
Trog
Uskayaw
Vehumet
Wu Jian
Xom
Yredelemnul
Zin
The Shining One

Annotations:
D:4 3 runed translucent doors, Holdthepickle's ghost, novice OgBe; bnorton916's ghost, amateur DEFE


Innate Abilities, Weirdness & Mutations

You are immune to sickness and miasma.
Your stone body is resilient. (AC +6)
You are immune to poison.
You resist negative energy. (rN+)
You are resistant to electric shocks. (rElec)
You are resistant to unholy torment.
You are immune to petrification.


Message History

Aiming: Searing Ray (safe; 1% risk of failure)
Press: ? - help, Shift-Dir - straight line, f - orc warrior
Aim: an orc warrior, wielding a +0 war axe and wearing a +0 plate armour (heavily wounded, 82% to hit)
The searing ray hits the orc warrior.
The orc warrior is severely wounded. (Press . to maintain the ray.) Without enough magic to sustain it, your searing ray dissipates.
The orc warrior is distracted by your dazzling golden aura.
Casting: Searing Ray (safe; 1% risk of failure)
Confirm with . or Enter, or press ? or * to list all spells.
Aiming: Magic Dart (safe; 1% risk of failure)
Press: ? - help, Shift-Dir - straight line, f/p - orc warrior
Aim: an orc warrior, wielding a +0 war axe and wearing a +0 plate armour (severely wounded, unaware, hasn't noticed you, 100% to hit)
The magic dart hits the orc warrior but does no damage.
The orc warrior is severely wounded.
The orc warrior is no longer distracted by gold.
The orc warrior shouts!
There is an open door here.
Casting: Magic Dart (safe; 1% risk of failure)
Confirm with . or Enter, or press ? or * to list all spells.
Aiming: Magic Dart (safe; 1% risk of failure)
Press: ? - help, Shift-Dir - straight line, f/p - orc warrior
Aim: an orc warrior, wielding a +0 war axe and wearing a +0 plate armour (severely wounded, 100% to hit)
The magic dart hits the orc warrior but does no damage.
The orc warrior is severely wounded.
Unknown command.
There is an open gate here.
The orc warrior hits you but does no damage.
The orc warrior hits you with a +0 war axe!
* * * LOW HITPOINT WARNING * * *
There is an open gate here.
Casting: Magic Dart (safe; 1% risk of failure)
Confirm with . or Enter, or press ? or * to list all spells.
You miscast Iskenderun's Mystic Blast.
You are very lightly contaminated with residual magic.
Energy rips through your body!
* * * LOW HITPOINT WARNING * * *
The orc warrior hits you with a +0 war axe.
You die...
Your body crumbles into a pile of gold.

#.....$.... #...$.$....
#...$$..... ♣♣♣♣♣♣
###......... ♣♣....♣♣
###.#'#.....##
♣......♣♣###.....###.###
♣♣......##......$..###
♣.......#...........#$$
♣......o@.....$.....#$$
♣♣..∩.∩..'.....⌠.....# $
♣........'...........#$$
♣........#...........#$$
♣♣.......##.........###
♣♣....♣.♣###.....###.###
♣.♣.♣♣♣♣ ###.#'#.$...##
♣♣♣♣♣ ###..$......
#.$$...$...


You could see an orc warrior.

Vanquished Creatures
  Pikel (D:4)
  Sigmund (D:2)
  A steam dragon (D:8)
  3 orc warriors (Bailey)
  2 sky beasts
  An ice beast (D:6)
  A black bear (D:6)
  A centaur (D:5)
  An ogre (D:6)
  3 phantoms (D:5)
  3 lemures (D:4)
  2 scorpions
  A water moccasin skeleton (D:4)
  2 howler monkeys
  A bullfrog zombie (D:6)
  A centaur skeleton (D:4)
  4 jellies
  An orc priest (D:6)
  3 hounds
  Ijyb (D:3)
  Terence (D:2)
  3 iguanas
  An orc wizard (D:4)
  A hound zombie (D:5)
  Robin (D:2)
  11 adders
  16 gnolls
  A white imp (D:7)
  17 orcs
  4 bats
  6 endoplasms
  26 goblins
  10 hobgoblins
  11 kobolds
  5 quokkas
  5 ball pythons
  2 frilled lizards
  2 rats
157 creatures vanquished.

Vanquished Creatures (others)
  A fulminant prism (D:6)
  2 plants (D:1)
  9 withered plants
12 creatures vanquished.

Grand Total: 169 creatures vanquished

Notes
Turn   | Place    | Note
-------+----------+-------------------------------------------
     0 | D:1      | Zeld the Gargoyle Conjurer began the quest for the Orb.
     0 | D:1      | Reached XP level 1. HP: 10/10 MP: 3/3
   239 | D:1      | Reached XP level 2. HP: 15/15 MP: 3/5
   485 | D:1      | Learned a level 2 spell: Searing Ray
   681 | D:1      | Reached skill level 1 in Hexes
   718 | D:1      | Reached skill level 1 in Translocations
   827 | D:1      | Reached XP level 3. HP: 19/19 MP: 0/6
  1083 | D:1      | Found a faded altar of an unknown god.
  1646 | D:2      | Noticed Terence
  1700 | D:2      | Killed Terence
  1701 | D:2      | Reached XP level 4. HP: 15/24 MP: 0/7
  1832 | D:2      | Noticed Sigmund
  1832 | D:2      | Noticed Robin
  2500 | D:2      | Found a broken altar of Ashenzari.
  3376 | D:2      | Killed Sigmund
  3377 | D:2      | Reached skill level 4 in Spellcasting
  3377 | D:2      | Reached skill level 5 in Conjurations
  3377 | D:2      | Reached XP level 5. HP: 22/28 MP: 1/11
  3377 | D:2      | Reached XP level 6. HP: 25/32 MP: 1/12
  3386 | D:2      | Learned a level 4 spell: Fulminant Prism
  3391 | D:2      | Learned a level 4 spell: Iskenderun's Mystic Blast
  3765 | D:2      | Found a broken altar of Ashenzari.
  3788 | D:2      | Killed Robin
  4384 | D:3      | Found a white marble altar of Elyvilon.
  4622 | D:3      | Noticed Ijyb
  4632 | D:3      | Killed Ijyb
  5300 | D:4      | Found a glowing golden altar of the Shining One.
  5428 | D:4      | Reached XP level 7. HP: 34/36 MP: 2/13
  5525 | D:4      | Learned a level 3 spell: Tukima's Dance
  5585 | D:4      | Found a runed translucent gate.
  5585 | D:4      | Found a runed translucent gate.
  5585 | D:4      | Found a runed translucent gate.
  5603 | D:4      | Noticed bnorton916's ghost (amateur DEFE)
  5603 | D:4      | Noticed Holdthepickle's ghost (novice OgBe)
  6027 | D:4      | Noticed Pikel
  6417 | D:4      | Reached skill level 5 in Spellcasting
  7203 | D:5      | Entered Level 5 of the Dungeon
  7916 | D:5      | Found a staircase to the Ecumenical Temple.
  7934 | Temple   | Entered the Ecumenical Temple
  8198 | Temple   | Became a worshipper of Gozag Ym Sagoz the Greedy
  8394 | D:5      | Reached skill level 6 in Spellcasting
  8394 | D:5      | Reached XP level 8. HP: 37/41 MP: 10/17
  8898 | D:4      | Found a glowing golden altar of the Shining One.
  9429 | D:4      | Killed Pikel
  9430 | D:4      | Reached skill level 7 in Spellcasting
 10351 | D:5      | Found an iron altar of Okawaru.
 10493 | D:5      | Reached XP level 9. HP: 45/45 MP: 15/20
 10924 | D:6      | Found a basalt altar of Yredelemnul.
 11048 | D:6      | Reached skill level 8 in Spellcasting
 11087 | D:6      | Found a large runed translucent door.
 11088 | D:6      | Found a large runed translucent door.
 11219 | D:6      | Found a glowing silver altar of Zin.
 11671 | D:6      | Found a blossoming altar of Fedhas.
 11678 | D:6      | Found a hide-covered altar of Uskayaw.
 12987 | D:8      | Found a flagged portal.
 13005 | Bailey   | Entered a bailey
 13118 | Bailey   | Reached skill level 1 in Fighting
 13345 | Bailey   | Reached skill level 1 in Evocations
 13348 | Bailey   | Reached skill level 9 in Spellcasting
 13380 | Bailey   | Slain by an orc warrior

Illustrated notes

Levels and vault maps discovered:
D:1:      dpeg_arrival_round_b, layout_basic,
          shapermc_ecumenical_altar_flowoftime
D:2:      layout_loops_ring, basic_altar, minmay_tetromino_t4, uniq_terence,
          uniq_sigmund, uniq_robin
D:3:      layout_loops_cross, mainiacjoe_overflow_alcove_2, serial_glass,
          glass_columns_a, glass_columns_b, glass_columns_a, glass_columns_a,
          glass_columns_c, glass_columns_a, glass_columns_c, glass_columns_a,
          glass_columns_a, glass_columns_a, uniq_ijyb
D:4:      layout_loops_corners, marbit_many_paths, gammafunk_ghost_cemetery,
          uniq_pikel
D:5:      layout_basic, okawaru_metal_pillars_1_2, minmay_temple_entry_mist,
          minmay_starry_boxes
D:6:      layout_basic, mainiacjoe_overflow_concentric_impassable,
          jmf_multi_god_temple2, zin_statuary
D:7:      layout_basic
D:8:      lemuel_castle_with_subvaults [lemuel_castle_interior_carwin_2],
          layout_basic, david_lair_generic, enter_bailey_3
Temple:   eino_temple_water
Bailey:   bailey_axe_minmay_hex_keep, bailey

Skill      XL: |  1  2  3  4  5  6  7  8  9 |
---------------+----------------------------+-----
Hexes          | 1 2 |  2.0
Translocations | 1 2 |  2.0
Spellcasting   | 4 6 7 9 |  9.0
Conjurations   | 5 6 7 8 |  8.0
Stealth        | 3 4 |  4.0
Dodging        | 3 4 |  4.0
Fighting       | 1 |  1.6
Evocations     | 1 |  1.3

Action                   |  1- 3 |  4- 6 |  7- 9 || total
-------------------------+-------+-------+-------++-------
Melee: Unarmed           |    13 |    17 |    33 ||    63
       Punch             |     1 |       |       ||     1
 Cast: Magic Dart        |    39 |    35 |    21 ||    95
       Searing Ray       |     5 |    34 |    75 ||   114
       Tukima's Dance    |       |       |    12 ||    12
       Iskenderun's Myst |       |       |    12 ||    12
       Fulminant Prism   |       |       |     1 ||     1
Armor: Robe              |     2 |    28 |    67 ||    97
Dodge: Dodged            |    10 |    37 |   102 ||   149
